 Dungeon Crawl Stone Soup version 0.22-a0-433-gd2a9cce (webtiles) character file.

2179 Gorglomux the Skirmisher (level 9, -2/80 HPs)
             Began as a Minotaur Abyssal Knight on May 27, 2018.
             Was a Priest of Lugonu.
             Slain by a two-headed hydra (13 damage)
             ... on level 8 of the Dungeon.
             The game lasted 00:07:40 (7542 turns).

Gorglomux the Skirmisher (Minotaur Abyssal Knight)  Turns: 7542, Time: 00:07:41

Health: -2/80      AC:  5    Str: 20    XL:     9   Next: 11%
Magic:  11/11      EV: 15    Int:  9    God:    Lugonu [***...]
Gold:   436        SH:  0    Dex: 13    Spells: 8/8 levels left

rFire    . . .     SeeInvis +   b - +3 falchion (flame)
rCold    . . .     Gourm    .   (no shield)
rNeg     . . .     Faith    .   R - +0 leather armour
rPois    .         Spirit   .   (helmet restricted)
rElec    .         Reflect  .   m - +0 cloak
rCorr    .         Harm     .   (no gloves)
MR       .....                  (no boots)
Stlth    +.........             (no amulet)
HPRegen  0.23/turn              j - +3 ring of dexterity
MPRegen  0.12/turn              s - ring of see invisible

@: no status effects
A: retaliatory headbutt, horns 2
a: Depart the Abyss, Bend Space, Banish, Renounce Religion


You were on level 8 of the Dungeon.
You worshipped Lugonu.
Lugonu was most pleased with you.
You were very hungry.

You visited 1 branch of the dungeon, and saw 8 of its levels.
You visited the Abyss 1 time.

You collected 436 gold pieces.

Inventory:

Hand Weapons
 a - a +0 war axe
 b - a +3 falchion of flaming (weapon)
Armour
 m - a +0 cloak (worn)
 R - a +0 leather armour (worn)
Jewellery
 j - a +3 ring of dexterity (left hand)
 s - a ring of see invisible (right hand)
Wands
 I - a wand of iceblast (13)
Scrolls
 d - a scroll of amnesia {unknown}
 g - 9 scrolls of identify {unknown}
 i - 3 scrolls of enchant weapon {unknown}
 l - 2 scrolls of blinking {unknown}
 o - 3 scrolls of remove curse {unknown}
 p - a scroll of fog {unknown}
 q - 2 scrolls of teleportation {unknown}
 w - a scroll of immolation {unknown}
 L - a scroll of magic mapping {unknown}
Potions
 v - a potion of agility
 K - 3 potions of invisibility
 P - a potion of heal wounds
Comestibles
 c - 5 rations


   Skills:
 + Level 7.7 Fighting
 + Level 7.2 Axes
 + Level 7.2 Armour
 + Level 6.3 Dodging
 + Level 4.2 Invocations


You had 8 spell levels left.
You didn't know any spells.
Your spell library was empty.

Dungeon Overview and Level Annotations

Branches:
Dungeon (9/15)             Temple (0/1) D:4
   Lair: D:8-11         Orc: D:9-12

Altars:
Elyvilon
Trog
The Shining One

Shops:
D:4 =   D:6 :

Annotations:
D:3 1 runed door
Abyss:1 Edmund, Menkaure


Innate Abilities, Weirdness & Mutations

You reflexively headbutt those who attack you in melee.
You have a pair of horns on your head.


Message History

The butt-headed hydra butt-ly misses you!
You riposte!
Butt open the two-headed hydra like a pillowcase!
You burn the two-headed hydra!
The two-butt hydra is heavily wounded!
The two-headed hydra bites you!!!
You open the two-headed hydra like a pillowcase!
You butt the two-butt butt!
The two-headed hydra is heavily wounded!
The big kobold hits you!
The two-headed hydra bites you! * * * don't die
* * * The two-butt hydra bites you!!! * * * don't butt
* * * The big kobold hits butt! * * * don't die
* * * Unknown command!
There is an open gate butt!
You are feeling very hungry!
The two-headed hydra bites you!!! rip

#%.#≈≈≈≈P#
#(##P≈P.≈#
#######..#..(..###
#.....#..'...%≈..#
#.>...#..'%P.?.#.#
#.....#%.'..%.≈#K#
#.....#%.#.....#.#
#.....##########D#
###.### #....#@.#
.###.#########.#.##
#.......#........#
...............(##
#..#.##.#.#.....#
#..#.........#..#
..................
#.......#.....###.#
##.#.########.# ...


You could see a two-headed hydra and a big kobold.

Vanquished Creatures
  2 dream sheep (D:8)
  2 yaks (D:8)
  Duvessa (D:3)
  An ogre (D:5)
  A centaur (D:6)
  2 big kobolds
  Dowan (D:3)
  2 scorpions
  3 crimson imps
  A hound (D:5)
  2 orc priests (D:5)
  3 orc wizards
  2 bullfrog skeletons
  Jessica (D:2)
  An iguana (D:5)
  Natasha (D:2)
  7 worker ants
  A killer bee zombie (D:6)
  A worker ant zombie (D:9)
  Robin (D:4)
  3 gnolls (D:6)
  8 adders
  An adder zombie (D:5)
  2 adder skeletons
  4 worms
  5 dart slugs
  3 leopard geckos
  14 orcs
  A ball python (D:1)
  8 bats
  4 giant cockroaches
  9 hobgoblins
  6 jackals
  9 kobolds
  4 quokkas
  A ball python skeleton (D:4)
  4 frilled lizards
  14 goblins
  A jackal skeleton (D:8)
  10 rats
147 creatures vanquished.

Notes
Turn   | Place    | Note
-------+----------+-------------------------------------------
     0 | Abyss:1  | Gorglomux the Minotaur Abyssal Knight began the quest for the Orb.
     0 | Abyss:1  | Reached XP level 1. HP: 19/19 MP: 1/1
    11 | Abyss:1  | Found a hazy altar of Hepliaklqana.
    66 | Abyss:1  | Noticed a small abomination
    66 | Abyss:1  | Noticed a hellephant
    74 | D:1      | Escaped the Abyss
   110 | D:1      | Reached * piety under Lugonu
   122 | D:1      | Reached XP level 2. HP: 15/27 MP: 2/2
   316 | D:1      | Reached skill level 3 in Axes
   316 | D:1      | Reached skill level 3 in Armour
   316 | D:1      | Reached XP level 3. HP: 2/33 MP: 3/3
   954 | D:2      | Reached ** piety under Lugonu
   976 | D:2      | Noticed Jessica
   982 | D:2      | Killed Jessica
   982 | D:2      | Reached XP level 4. HP: 33/41 MP: 4/4
  1377 | D:2      | Noticed Natasha
  1394 | D:2      | Killed Natasha
  1394 | D:2      | Reached XP level 5. HP: 16/47 MP: 5/5
  2152 | D:3      | Reached skill level 3 in Dodging
  2268 | D:3      | Found a glowing golden altar of the Shining One.
  2490 | D:3      | Found a runed door.
  2892 | D:4      | Found a staircase to the Ecumenical Temple.
  2894 | D:4      | Noticed Robin
  2895 | D:4      | Noticed Dowan
  2896 | D:4      | Noticed Duvessa
  3073 | D:3      | Reached XP level 6. HP: 41/56 MP: 6/6
  3162 | D:4      | Reached *** piety under Lugonu
  3175 | D:3      | Killed Dowan
  3185 | D:3      | Killed Duvessa
  3449 | D:4      | Killed Robin
  3528 | D:4      | Reached XP level 7. HP: 50/62 MP: 7/7
  3690 | D:4      | Found Ipsafaap's Jewellery Emporium.
  3805 | D:5      | Entered Level 5 of the Dungeon
  3807 | D:5      | Noticed Edmund
  4096 | D:5      | Reached skill level 6 in Fighting
  4353 | D:5      | Found a white marble altar of Elyvilon.
  4597 | D:5      | Noticed a moth of wrath
  4606 | D:5      | Found a bloodstained altar of Trog.
  5248 | D:6      | Reached XP level 8. HP: 13/71 MP: 8/8
  5625 | D:6      | Noticed Menkaure
  5627 | D:6      | Reached skill level 6 in Armour
  6239 | D:6      | Banished Menkaure
  6239 | D:6      | Reached skill level 6 in Axes
  6551 | D:6      | Found Lilloeg's Book Boutique.
  6610 | D:6      | You fall through a shaft for 3 floors!
  6647 | D:8      | Reached skill level 3 in Invocations
  6801 | D:8      | Noticed a dream sheep
  6801 | D:8      | Noticed a dream sheep
  6818 | D:8      | Killed a dream sheep
  7087 | D:8      | Reached **** piety under Lugonu
  7087 | D:8      | Reached skill level 6 in Dodging
  7092 | D:8      | Killed a dream sheep
  7092 | D:8      | Reached XP level 9. HP: 48/79 MP: 9/11
  7192 | D:8      | Banished Edmund
  7525 | D:8      | Noticed a three-headed hydra
  7542 | D:8      | Slain by a two-headed hydra

Vault maps used:
D:1:      eino_arrival_cavern_d
D:2:      first_ration, uniq_jessica, uniq_natasha
D:3:      nicolae_tso_swordbearing_angel, uniq_crazy_yiuf_cottage
D:4:      minmay_temple_entry_statues_fountains, serial_shops, shop, uniq_robin,
          uniq_duvessa
D:5:      kennysheep_little_box, portal_sewer_entry_d, tgw_trog, uniq_edmund
D:6:      serial_shops, nicolae_shop_crystal, uniq_menkaure
D:8:      lemuel_round_altar, grunt_temple_overflow_open, hangedman_ranch,
          uniq_pikel
D:9:      serial_glass, glass_columns_b, glass_columns_a, glass_columns_a,
          glass_columns_a, glass_columns_a, item_on_display_a, feat_on_display,
          due_unseen_surprise

Skill      XL: |  1  2  3  4  5  6  7  8 |
---------------+-------------------------+-----
Fighting       | 4 5 6 7 |  7.7
Axes           | 3 4 5 7 |  7.2
Armour         | 3 4 5 7 |  7.2
Dodging        | 2 3 4 5 6 |  6.3
Invocations    | 2 4 |  4.2

Action                   |  1- 3 |  4- 6 |  7- 9 || total
-------------------------+-------+-------+-------++-------
Melee: Hand axe          |    85 |   142 |   100 ||   327
       Headbutt          |    14 |    20 |    48 ||    82
       War axe           |       |       |   111 ||   111
       Falchion          |       |       |    12 ||    12
Invok: Depart the Abyss  |     1 |       |       ||     1
       Banish            |       |       |     2 ||     2
  Use: Potion            |       |     2 |     3 ||     5
 Stab: Sleeping          |       |       |     1 ||     1
  Eat: Chunk             |       |     8 |     6 ||    14
       Ration            |       |       |     2 ||     2
Armor: Leather armour    |    32 |    28 |    42 ||   102
       Skin              |       |       |     4 ||     4
Dodge: Dodged            |    46 |   114 |   146 ||   306
       Rpst.: Falchion   |       |       |     4 ||     4

Table legend:
 A = Spawn XP
 B = Non-spawn XP
 C = Spawn XP percentage of total XP
 D = Spawn monster count
 E = Non-spawn monster count
 F = Spawn count percentage of total count
 G = Total turns spent on level
                    A         B        C        D         E        F      G
               +---------+---------+-------+---------+---------+-------+---------
         Total |       0 |    3114 |   0.0 |       0 |     149 |   0.0 |  7542
               +---------+---------+-------+---------+---------+-------+---------
           D:1 |       0 |      59 |   0.0 |       0 |      32 |   0.0 |   779
           D:2 |       0 |     168 |   0.0 |       0 |      19 |   0.0 |  1187
           D:3 |       0 |     299 |   0.0 |       0 |      16 |   0.0 |  1211
           D:4 |       0 |     309 |   0.0 |       0 |      30 |   0.0 |   945
           D:5 |       0 |     529 |   0.0 |       0 |      24 |   0.0 |  1557
           D:6 |       0 |     366 |   0.0 |       0 |      14 |   0.0 |   857
           D:8 |       0 |    1219 |   0.0 |       0 |      10 |   0.0 |   661
           D:9 |       0 |     165 |   0.0 |       0 |       4 |   0.0 |   271
               +---------+---------+-------+---------+---------+-------+---------
